 Dungeon Crawl Stone Soup version 0.25-a0-815-gab441bd002 (webtiles) character file.

Game seed: 11192851867815932778, levelgen mode: deterministic

108 Anathary the Ducker (level 4, -6/21 HPs)
             Began as a Felid Monk on Apr 20, 2020.
             Mangled by a centaur zombie (7 damage)
             ... on level 4 of the Dungeon.
             The game lasted 00:09:59 (3862 turns).

Anathary the Ducker (Felid Monk)                    Turns: 3862, Time: 00:09:59

Health: -6/21      AC:  1    Str:  8    XL:     4   Next: 58%
Magic:  14/14      EV: 22    Int: 11    God:
Gold:   102        SH:  0    Dex: 18    Spells: 3/3 levels left
                                        Lives:  0   Deaths: 1

rFire    . . .     SeeInvis +     - Unarmed
rCold    . . .     Gourm    .   (shield unavailable)
rNeg     . . .     Faith    .   (armour unavailable)
rPois    .         Spirit   .   (helmet unavailable)
rElec    .         Reflect  .   (cloak unavailable)
rCorr    .         Harm     .   (gloves unavailable)
MR       .....                  (boots unavailable)
Stlth    +++.......             (no amulet)
HPRegen  0.07/turn              e - ring of magical power
MPRegen  0.14/turn              (no ring)

@: lethally poisoned (-6 -> -21), quick
A: very small, no armour, no weapons or thrown items, stealth, claws 1, fangs 3,
see invisible, carnivore, speed 1, shaggy fur 1, slow metabolism 1, sharp paws
a: no special abilities


You were on level 4 of the Dungeon.
You were not hungry.

You visited 1 branch of the dungeon, and saw 4 of its levels.

You collected 102 gold pieces.

Inventory:

Jewellery
 e - a ring of magical power (left paw)
Scrolls
 b - 2 scrolls of magic mapping {unknown}
 c - 5 scrolls of identify {unknown}
 f - a scroll of amnesia {unknown}
 h - a scroll of fog {unknown}
 k - 3 scrolls of teleportation {unknown}
 m - 2 scrolls of remove curse {unknown}
 t - 2 scrolls of noise {unknown}
 u - a scroll of fear {unknown}
Potions
 d - 3 potions of degeneration {unknown}
 g - 3 potions of heal wounds {unknown}
 i - a potion of brilliance {unknown}
 j - 2 potions of resistance {unknown}
 l - a potion of flight {unknown}
 n - a potion of mutation {unknown}
 o - a potion of stabbing {unknown}
 p - a potion of haste {unknown}
 q - a potion of magic {unknown}
 r - a potion of might {unknown}
 s - a potion of invisibility {unknown}
Comestibles
 a - 6 rations


   Skills:
 + Level 3.3 Fighting
 * Level 6.0 Dodging
 - Level 2.6 Stealth
 + Level 4.7 Unarmed Combat


You had 3 spell levels left.
You didn't know any spells.
Your spell library contained the following spells:

 Spells                   Type           Power        Failure   Level  Hunger
 Confusing Touch          Hex            #.......     71%         3    ####...
 Gell's Gravitas          Tloc           #.........   71%         3    ####...
 Petrify                  Tmut/Erth      #.......     98%         4    #####..
 Metabolic Englaciation   Hex/Ice        #.........   100%        5    ######.
 Yara's Violent Unravell  Hex/Tmut       #.........   100%        5    ######.


Dungeon Overview and Level Annotations

Branches:
Dungeon (4/15)
 Temple: D:4-7

Altars:
Ashenzari
Gozag
Kikubaaqudgha
Nemelex Xobeh
Uskayaw

Annotations:
D:4 Dowan, Duvessa, Robin


Innate Abilities, Weirdness & Mutations

You cannot wear armour.
You are incapable of wielding weapons or throwing items.
Your paws allow you to move quietly. (Stealth)
You have sharp claws.
You have razor-sharp teeth.
You have supernaturally acute eyesight. (SInv)
You are carnivorous and can eat meat at any time.
You cover ground quickly.
You are covered in fur. (AC +1)
You have a slow metabolism.
Your sharp claws are effective at attacking unaware monsters.


Message History

* * * LOW HITPOINT WARNING * * *
You feel sick. The hound misses you.
The centaur zombie completely misses you.
The worker ant closely misses you.
Unknown command.
You scratch the hound. Your bite misses the hound.
The hound is lightly wounded.
* * * LOW HITPOINT WARNING * * *
You feel sick. The hound misses you. The centaur zombie barely misses you.
The worker ant barely misses you. The hound completely misses you.
You scratch the hound but do no damage. Your bite misses the hound.
The hound is lightly wounded.
* * * LOW HITPOINT WARNING * * *
You feel sick. The centaur zombie misses you. The hound closely misses you.
The worker ant completely misses you.
You barely miss the hound. You bite the hound, but do no damage.
The hound is lightly wounded.
* * * LOW HITPOINT WARNING * * *
You feel sick. The centaur zombie hits you!
You die...

##.####.....#..#
#.# #.....##O#
#.####.....##.####
#<...............#
##..##...........#
#..#######......#
#..# #......# #..#
#......# ...#
#@.....# #..##
#..ahZ.#### ##.#
#....Z..#
...........#
##.........#
#.........#
#.........#
#######...#


You could see an ogre, a hound, a worker ant, a centaur zombie and a bullfrog
skeleton.

Vanquished Creatures
  An orc priest (D:3)
  4 adders
  An ooze (D:3)
  2 worms (D:3)
  A dart slug (D:1)
  2 leopard geckos
  3 orcs (D:3)
  8 bats
  4 giant cockroaches
  15 goblins
  10 hobgoblins
  7 jackals (D:1)
  10 kobolds
  A quokka (D:2)
  A ball python (D:1)
  4 frilled lizards
  8 rats
82 creatures vanquished.

Notes
Turn   | Place    | Note
-------+----------+-------------------------------------------
     0 | D:1      | Anathary the Felid Monk began the quest for the Orb.
     0 | D:1      | Reached XP level 1. HP: 10/10 MP: 2/2
   127 | D:1      | Reached XP level 2. HP: 11/14 MP: 3/3
   704 | D:1      | Reached XP level 3. HP: 17/17 MP: 4/4
   959 | D:1      | Reached skill level 5 in Dodging
  1290 | D:2      | Found an opulent altar of Gozag.
  1584 | D:2      | Found a hide-covered altar of Uskayaw.
  1811 | D:2      | Reached XP level 4. HP: 21/21 MP: 5/5
  2495 | D:3      | Found an ancient bone altar of Kikubaaqudgha.
  2661 | D:3      | Found a shattered altar of Ashenzari.
  2724 | D:3      | Slain by an orc priest
  2725 | D:3      | Reached XP level 3. HP: -5/17 MP: 13/13
  2773 | D:3      | Reached XP level 4. HP: 21/21 MP: 5/5
  2786 | D:3      | Reached skill level 6 in Dodging
  3440 | D:4      | Found a sparkling altar of Nemelex Xobeh.
  3444 | D:4      | Noticed Dowan
  3631 | D:4      | Noticed an ogre
  3633 | D:4      | Noticed Duvessa
  3638 | D:4      | Noticed Robin
  3862 | D:4      | HP: 1/21 [poisoned by a worker ant]
  3862 | D:4      | Mangled by a centaur zombie

Levels and vault maps discovered:
D:1:      wander_arrival_peaceful_grave, layout_basic, minmay_unequal
D:2:      layout_loops_ring, old_standard_altar, kennysheep_flooded_box
D:3:      layout_loops_ring, tgw_xom, old_standard_altar, first_ration,
          cheibrodos_ashenzari_chains
D:4:      layout_rooms, lemuel_round_altar, hangedman_ru_absence,
          okawaru_gym_becter, lemuel_coloured_pillars_altar,
          ebering_ghost_reflecting_pool, minmay_close_crescents, uniq_duvessa,
          uniq_robin, uniq_menkaure

Skill      XL: |  1  2  3  4 |
---------------+-------------+-----
Dodging        | 5 6 |  6.0
Unarmed Combat | 4 |  4.7
Fighting       | |  3.3
Stealth        | |  2.6

Action                   |  1- 3 |  4- 6 || total
-------------------------+-------+-------++-------
Melee: Unarmed           |   127 |   115 ||   242
       Bite              |    10 |    13 ||    23
 Stab: Sleeping          |    12 |     8 ||    20
       Distracted        |     1 |       ||     1
  Eat: Ration            |     1 |       ||     1
Armor: Skin              |     5 |     2 ||     7
Dodge: Dodged            |   119 |    82 ||   201

Table legend:
 A = Non-vault XP
 B = Vault XP
 C = Vault XP percentage of total XP
 D = Non-vault monster count
 E = Vault monster count
 F = Vault count percentage of total count
                 A         B        C        D         E       F
            +---------+---------+-------+---------+---------+-------
      Total |     221 |      25 |  10.2 |      67 |      15 |  18.3
            +---------+---------+-------+---------+---------+-------
        D:1 |      56 |       9 |  13.8 |      32 |       6 |  15.8
        D:2 |      62 |       0 |   0.0 |      23 |       0 |   0.0
        D:3 |     103 |       6 |   5.5 |      12 |       3 |  20.0
        D:4 |       0 |      10 | 100.0 |       0 |       6 | 100.0
            +---------+---------+-------+---------+---------+-------
